 Dungeon Crawl Stone Soup version 0.31.0-11-ge490571c62 (webtiles) character file.

Game seed: 4005489945726982671

44 Gadfly the Changeling (level 3, -1/26 HPs)
             Began as a Demonspawn Shapeshifter on Jan 26, 2024.
             Slain by a phantom (6 damage)
             ... on level 4 of the Dungeon.
             The game lasted 00:02:21 (1700 turns).

Gadfly the Changeling (Demonspawn Shapeshifter)     Turns: 1700, Time: 00:02:22

Health: -1/26      AC:  2    Str: 16    XL:     3   Next: 41%
Magic:  3/3        EV: 14    Int: 10    God:
Gold:   100        SH:  0    Dex: 12    Spells: 2/2 levels left

rFire   . . .        b - +1 short sword (elec)
rCold   . . .        (no shield)
rNeg    . . .        a - +0 animal skin
rPois   .            (helmet currently unavailable)
rElec   .            (cloak currently unavailable)
rCorr   .            (gloves currently unavailable)
SInv    .            (boots currently unavailable)
Will    +....        (no amulet)
Stlth   +            i - ring of willpower
HPRegen 0.24/turn    (no ring)
MPRegen 0.08/turn

%: no passive effects
@: beast-form
A: beast (slay +1), repulsion field 1, powered by death 1
a: Begin Untransformation


You were on level 4 of the Dungeon.
You were a hulking beast.
You visited 1 branch of the dungeon, and saw 3 of its levels.

You collected 100 gold pieces.

Inventory:

Hand Weapons
 b - a +1 short sword of electrocution (weapon)
Armour
 a - a +0 animal skin (worn)
Jewellery
 i - a ring of willpower (left hand)
Talismans
 c - a beast talisman
 d - a flux talisman
Scrolls
 f - a scroll of teleportation
Potions
 e - a potion of haste {unknown}
 g - a potion of might {unknown}
 h - 2 potions of curing
 j - a potion of lignification
 k - a potion of attraction {unknown}
 l - a potion of enlightenment {unknown}


   Skills:
 + Level 1.3 Fighting
 * Level 2.3 Dodging
 + Level 3.0 Unarmed Combat
 * Level 1.3 Evocations
 + Level 3.0 Shapeshifting


You had 2 spell levels left.
You didn't know any spells.
Your spell library contained the following spells:

 Spells                   Type           Power      Damage    Failure   Level
 Sting                    Conj/Alch      0%         1d3       36%         1
 Mercury Vapours          Alch/Air       0%         N/A       50%         2
 Olgreb's Toxic Radiance  Alch           0%         N/A       98%         4


Dungeon Overview and Level Annotations

Branches:
Dungeon (2/15)

Altars:
Ashenzari

Shops:
D:2 ?


Innate Abilities, Weirdness & Mutations

You are a hulking beast.
Your limbs bulge with bestial killing power. (Slay +1)
You are surrounded by a mild repulsion field. (EV +2)
You regenerate a little health from kills.


Message History

You hear the slow hiss of an avalanche of sand nearby.
You now have 100 gold pieces (gained 12).
A phantom comes into view.
The phantom moves out of view.
Found a white marble altar of Elyvilon.
A jackal comes into view.
There is a broken altar of Ashenzari here.
There is an escape hatch in the ceiling here.
You completely miss the phantom. The phantom hits you.
The phantom blinks!
You blink.
You closely miss the phantom. The phantom barely misses you.
You hit the phantom but do no damage. Lightning courses through the phantom!
The phantom is severely damaged.
The phantom hits you.
The phantom blinks!
You blink.
You hit the phantom.
The phantom is almost destroyed.
The phantom hits you.
The phantom blinks!
You blink.
A jackal comes into view.
The jackal barks! x2
You hit the phantom.
The phantom is almost destroyed.
A jackal comes into view.
The phantom barely misses you.
You barely miss the phantom.
The phantom is almost destroyed.
The jackal barks!
The phantom barely misses you.
The jackal bites you but does no damage.
You barely miss the phantom.
The phantom is almost destroyed.
The phantom hits you.
* * * LOW HITPOINT WARNING * * *
The jackal closely misses you.
Unknown command.
You closely miss the phantom.
The phantom is almost destroyed.
The jackal completely misses you.
A jackal comes into view.
The phantom hits you.
You die...

....## ## #.....#
.........# # ##.........
.#..# #. #....hh..
.....##.##....h.
###..........W#h### ...#
#...#...h...##. . ..#
#.........#........ #.#
#..)........#.#....
.####.###........##.#......
......................#
......###........##........
.###.............####.#....
.............#.######...._.
.#####.###.#..........#..h.


You could see a phantom and 4 jackals.

Vanquished Creatures
  An adder (D:4)
  A dart slug (D:2)
  4 ball pythons
  3 endoplasms
  A giant cockroach (D:2)
  2 goblins
  4 hobgoblins
  2 quokkas
  6 bats
  A frilled lizard (D:2)
  2 kobolds
  4 rats
31 creatures vanquished.

Notes
Turn   | Place    | Note
-------+----------+-------------------------------------------
     0 | D:1      | Gadfly the Demonspawn Shapeshifter began the quest for the
                  | Orb.
     0 | D:1      | Reached XP level 1. HP: 15/15 MP: 1/1
   152 | D:1      | Found a faded altar of an unknown god.
   233 | D:1      | Gained mutation: You are surrounded by a mild repulsion
                  | field. (EV +2) [demonic ancestry]
   233 | D:1      | Reached XP level 2. HP: 21/21 MP: 2/2
   914 | D:2      | Reached skill level 1 in Evocations
  1109 | D:2      | Found Aluut's Magic Scroll Shoppe.
  1194 | D:2      | Identified the +0 scale mail of Gehenna {Int+7 Slay-4}
  1211 | D:2      | Gained mutation: You regenerate a little health from kills.
                  | [demonic ancestry]
  1211 | D:2      | Reached XP level 3. HP: 26/26 MP: 3/3
  1565 | D:2      | You fall into a shaft and drop 2 floors!
  1570 | D:4      | Found a broken altar of Ashenzari.
  1672 | D:4      | Noticed a phantom
  1700 | D:4      | Slain by a phantom

Illustrated notes

Levels and vault maps discovered:
D:1:      scummos_arrival_simple_fountains, layout_loops_cross,
          dilly_ecumenical_altar_fadedgnrine
D:2:      layout_loops_corners, serial_shops, nicolae_square_shop
D:4:      layout_rooms, elyvilon_altar_5, ashenzari_altar_1,
          mainiacjoe_overflow_chevrons, gammafunk_ghost_necromancy,
          serial_shops, shop, mainiacjoe_ossuary_entry_find_the_door

Skill      XL: |  1  2  3 |
---------------+----------+-----
Dodging        | 2 |  2.3
Evocations     | 1 |  1.3
Unarmed Combat | 3 |  3.0
Shapeshifting  | 3 |  3.0
Fighting       | |  1.3

Action                     || total
---------------------------++-------
  Melee: Unarmed           ||    50
         Short sword       ||    66
         Punch             ||     2
         Dagger            ||     1
    Use: Scroll            ||     3
         Potion            ||     1
   Stab: Sleeping          ||     2
 Armour: Animal skin       ||    67
  Dodge: Dodged            ||    76
